 Dungeon Crawl Stone Soup version 0.28.0-45-g0d030f2227 (webtiles) character file.

Game seed: 12366248285920041486

3831 powzer the Grappler (level 9, -15/83 HPs)
             Began as a Troll Monk on Apr 18, 2022.
             Was a Priest of Makhleb.
             Demolished by a two-headed ogre
             ... wielding a +0 giant club
              (25 damage)
             ... on level 8 of the Dungeon.
             The game lasted 01:39:53 (9585 turns).

powzer the Grappler (Troll Monk)                    Turns: 9585, Time: 01:39:54

Health: -15/83     AC:  9    Str: 21    XL:     9   Next: 97%
Magic:  13/13      EV: 11    Int:  6    God:    Makhleb [***...]
Gold:   386        SH:  0    Dex: 16    Spells: 8/8 levels left

rFire   . . .      SeeInvis .     - Unarmed
rCold   . . .      Faith    .   (no shield)
rNeg    . . .      Spirit   .   i - +0 acid dragon scales
rPois   .          Reflect  .   (helmet restricted)
rElec   .          Harm     .   m - +0 cloak
rCorr   +          Rampage  .   (gloves unavailable)
Will    .....                   (boots unavailable)
Stlth   +.........              (no amulet)
HPRegen 1.03/turn               (no ring)
MPRegen 0.13/turn               (no ring)

@: no status effects
A: large, unfitting armour, claws 3, regeneration 1, shaggy fur 1, tough skin 1,
no potion heal 1
a: Renounce Religion, Minor Destruction, Lesser Servant of Makhleb


You were on level 8 of the Dungeon.
You worshipped Makhleb.
Makhleb was most pleased with you.
You visited 2 branches of the dungeon, and saw 10 of its levels.

You collected 386 gold pieces.

Inventory:

Hand Weapons
 B - a +0 club
Missiles
 b - 394 stones
 h - 4 curare-tipped darts
 j - 35 poisoned darts
 y - 2 throwing nets
Armour
 i - +0 acid dragon scales (worn)
 m - a +0 cloak (worn)
 u - an orb of light
Wands
 d - a wand of mindburst (17)
 g - a wand of charming (2)
 r - a wand of acid (19)
 s - a wand of iceblast (16)
 t - a wand of polymorph (4)
 x - a wand of paralysis (9)
Scrolls
 a - a scroll of torment {unknown}
 c - a scroll of fear
 e - a scroll of identify
 k - 2 scrolls of amnesia
 l - 2 scrolls of magic mapping
 n - 2 scrolls of vulnerability {unknown}
 o - 3 scrolls of teleportation
 p - 2 scrolls of immolation {unknown}
 q - 2 scrolls of holy word
 v - a scroll of fog {unknown}
 w - a scroll of silence {unknown}
 z - 2 scrolls of enchant weapon {unknown}
Potions
 f - 4 potions of brilliance
 A - a potion of flight {unknown}
 C - a potion of lignification


   Skills:
 + Level 3.5 Fighting
 - Level 0.1 Throwing
 * Level 3.0 Armour
 + Level 4.3 Dodging
 - Level 1.0 Stealth
 * Level 10.3 Unarmed Combat
 * Level 7.2 Invocations


You had 8 spell levels left.
You didn't know any spells.
Your spell library contained the following spells:

 Spells                   Type           Power      Damage    Failure   Level
 Shock                    Conj/Air       0%         1d3       54%         1
 Frozen Ramparts          Ice            0%         1d2       88%         3
 Swiftness                Air            0%         N/A       88%         3
 Airstrike                Air            0%         N/A       99%         4
 Ice Form                 Ice/Tmut       0%         N/A       99%         4
 Summon Ice Beast         Ice/Summ       0%         N/A       99%         4


Dungeon Overview and Level Annotations

Branches:
Dungeon (9/15)             Temple (1/1) D:6
   Lair: D:8-11         Orc: D:9-12

Altars:
Ashenzari
Cheibriados
Dithmenos
Elyvilon
Fedhas
Gozag
Hepliaklqana
Kikubaaqudgha
Makhleb
Nemelex Xobeh
Qazlal
Ru
Trog
Uskayaw
Vehumet
Wu Jian
Yredelemnul
The Shining One

Shops:
D:8 :


Innate Abilities, Weirdness & Mutations

You are too large for most types of armour.
You have claws for hands.
Your natural rate of healing is unusually fast.
You are covered in fur. (AC +1)
You have tough skin. (AC +1)
Potions are less effective at restoring your health.


Message History

The floor.
The two-headed ogre is no longer covered in acid.
The two-headed ogre hits you with a +0 giant club!
The two-headed ogre hits you with a +0 giant club!!
Items here: รทรทรทรท.
There is a stone staircase leading up, spattered with blood here.
You can't go down here!
You climb upwards.
There is a stone staircase leading down here.
You claw the two-headed ogre!
The two-headed ogre is lightly wounded.
The two-headed ogre hits you with a +0 giant club!!
The two-headed ogre hits you with a +0 giant club!
You completely miss the two-headed ogre.
You claw the two-headed ogre!
The two-headed ogre is moderately wounded.
The two-headed ogre closely misses you.
The two-headed ogre hits you with a +0 giant club!
You claw the two-headed ogre!
The two-headed ogre is heavily wounded.
You scratch the two-headed ogre.
The two-headed ogre is heavily wounded.
The two-headed ogre hits you with a +0 giant club!
The two-headed ogre closely misses you.
You claw the two-headed ogre! You claw the two-headed ogre.
The two-headed ogre is severely wounded.
The two-headed ogre closely misses you. The two-headed ogre barely misses you.
You barely miss the two-headed ogre.
The two-headed ogre is severely wounded.
You scratch the two-headed ogre but do no damage.
The two-headed ogre is severely wounded.
The two-headed ogre hits you with a +0 giant club!
* * * LOW HITPOINT WARNING * * *
The two-headed ogre barely misses you.
The two-headed ogre hits you with a +0 giant club!!
* * * LOW HITPOINT WARNING * * *
The two-headed ogre hits you with a +0 giant club.
* * * LOW HITPOINT WARNING * * *
The two-headed ogre hits you with a +0 giant club!!
You die...

#.##.# ########.# ..##.########
##.# .###.#......# #..#
)....#......# ##.##
.#####..))..# #..(#
.....#..)...# ##.##
..##.#......# #.#
...#.#.....)####.#
...#.#........).@#
##.#.##########.O# .....# #..#
##.### ######..#
##.#######.......# #########
#...##..........#######.......#
[..........###### #......####.#
#'#.##..<..# #.#....####.# #
#.#####....#### #.#.#..).##.# #


You could see a two-headed ogre.

Vanquished Creatures
  Maurice (D:8)
  Maggie (D:7)
  A troll (D:8)
  A wyvern (D:7)
  3 yaks (D:9)
  A steam dragon (D:8)
  Edmund (D:6)
  A sky beast (D:8)
  A black bear (D:7)
  A necrophage (D:6)
  3 centaurs
  A phantom (D:7)
  2 kobold brigands
  2 bullfrogs
  A gnoll sergeant (D:7)
  A scorpion (D:4)
  A wyvern zombie (D:7)
  8 killer bees (D:8)
  A wight (D:8)
  A howler monkey (D:6)
  2 centaur zombies
  A jelly (D:6)
  2 orc priests (D:8)
  A gnoll shaman (D:8)
  2 hounds
  3 iguanas
  Natasha (twice) (D:2)
  2 orc wizards (D:9)
  15 gnolls
  2 howler monkey skeletons (D:6)
  2 adders
  A shadow imp (D:3)
  2 white imps
  An ufetubus (D:4)
  An adder skeleton (D:4)
  2 dart slugs (D:1)
  10 orcs
  3 ball pythons
  5 bats
  3 endoplasms
  2 giant cockroaches
  9 goblins
  4 hobgoblins
  4 jackals
  17 kobolds
  4 quokkas
  3 frilled lizards
  2 rats
140 creatures vanquished.

Vanquished Creatures (others)
  A fungus (D:1)
  40 plants
41 creatures vanquished.

Grand Total: 181 creatures vanquished

Notes
Turn   | Place    | Note
-------+----------+-------------------------------------------
     0 | D:1      | powzer the Troll Monk began the quest for the Orb.
     0 | D:1      | Reached XP level 1. HP: 22/22 MP: 0/0
    85 | D:1      | Found a faded altar of an unknown god.
   389 | D:1      | Reached XP level 2. HP: 29/29 MP: 1/1
   793 | D:1      | You fall into a shaft and drop 1 floor!
   965 | D:2      | Reached XP level 3. HP: 36/36 MP: 2/2
  1117 | D:2      | Noticed Natasha
  1125 | D:2      | Killed Natasha
  1126 | D:2      | Reached skill level 4 in Unarmed Combat
  1451 | D:2      | Noticed Natasha
  1458 | D:2      | Killed Natasha
  1459 | D:2      | Reached XP level 4. HP: 42/44 MP: 3/3
  2473 | D:4      | Reached skill level 5 in Unarmed Combat
  2518 | D:4      | Reached XP level 5. HP: 39/52 MP: 4/4
  2998 | D:4      | Reached XP level 6. HP: 53/59 MP: 5/5
  3059 | D:4      | Reached skill level 6 in Unarmed Combat
  3641 | D:5      | Entered Level 5 of the Dungeon
  5029 | D:6      | Found a staircase to the Ecumenical Temple.
  5074 | Temple   | Entered the Ecumenical Temple
  5676 | Temple   | Became a worshipper of Makhleb the Destroyer
  5676 | Temple   | Reached * piety under Makhleb
  5676 | Temple   | Reached ** piety under Makhleb
  5724 | D:6      | Reached skill level 7 in Unarmed Combat
  5733 | D:6      | Reached XP level 7. HP: 57/66 MP: 6/6
  5888 | D:6      | Reached skill level 1 in Invocations
  6046 | D:6      | Noticed Edmund
  6062 | D:6      | Killed Edmund
  6063 | D:6      | Reached skill level 8 in Unarmed Combat
  6629 | D:7      | Reached XP level 8. HP: 75/75 MP: 7/9
  6775 | D:7      | Gained mutation: Potions are less effective at restoring
                  | your health. [potion of mutation]
  6804 | D:7      | Noticed Maggie
  7805 | D:7      | Killed Maggie
  7806 | D:7      | Reached skill level 9 in Unarmed Combat
  7989 | D:8      | Reached skill level 5 in Invocations
  8079 | D:8      | Identified the +7 short sword of the Yoke {freeze, rN+}
  8113 | D:8      | Noticed Maurice
  8113 | D:8      | Noticed a troll
  8226 | D:8      | Reached XP level 9. HP: 83/83 MP: 11/11
  8313 | D:8      | Reached skill level 1 in Armour
  8509 | D:8      | Killed Maurice
  8584 | D:8      | Reached *** piety under Makhleb
  8727 | D:8      | Reached skill level 10 in Unarmed Combat
  8824 | D:8      | Killed a troll
  8871 | D:8      | Found Otwib's Book Shoppe.
  9509 | D:9      | Noticed a two-headed ogre
  9578 | D:8      | HP: 3/83 [two-headed ogre/+0 giant club (2)]
  9585 | D:8      | Demolished by a two-headed ogre

Illustrated notes

Levels and vault maps discovered:
D:1:      dpeg_arrival_solitude, layout_loops_cross,
          dreamdust_ecumenical_altar_grove
D:2:      layout_loops_ring, uniq_natasha
D:3:      layout_basic, hangedman_feature_mirror
D:4:      layout_cave_pods, kennysheep_windowed_goal
D:5:      layout_loops_cross, serial_bayou, serial_bayou_pond_d,
          serial_bayou_lagoon_b, serial_bayou_pond_e, serial_bayou_lake_a
D:6:      layout_basic, minmay_temple_entry_mist, uniq_edmund
D:7:      layout_gridville, kennysheep_generic_room_14, uniq_maggie
D:8:      layout_loops_cross, serial_shops, nicolae_shop_hallway_stairs,
          item_on_display_a, uniq_maurice
D:9:      layout_rooms, grunt_temple_overflow_order_and_chaos_1, special_room
          [special_room_orc], kennysheep_small_square
Temple:   eino_narrow_crystal_temple

Skill      XL: |  1  2  3  4  5  6  7  8  9 |
---------------+----------------------------+-----
Unarmed Combat | 4 5 7 8 9 10 | 10.3
Dodging        | 3 4 |  4.3
Fighting       | 3 |  3.5
Invocations    | 2 5 7 |  7.2
Armour         | 3 |  3.0
Throwing       | |  0.1
Stealth        | |  1.0

Action                   |  1- 3 |  4- 6 |  7- 9 || total
-------------------------+-------+-------+-------++-------
Melee: Unarmed           |   110 |   240 |   191 ||   541
       Punch             |     2 |    13 |    11 ||    26
Throw: Stone             |     2 |     5 |       ||     7
Invok: Minor Destruction |       |     7 |    77 ||    84
  Use: Scroll            |     1 |     4 |     4 ||     9
       Potion            |       |     1 |     8 ||     9
 Stab: Sleeping          |     2 |     2 |     3 ||     7
       Invisible         |       |       |     1 ||     1
       Fleeing           |       |       |     1 ||     1
Armor: Robe              |    40 |    41 |     7 ||    88
       Skin              |       |       |     1 ||     1
       Acid dragon scale |       |       |    56 ||    56
Dodge: Dodged            |    55 |    56 |   124 ||   235
